 Dungeon Crawl Stone Soup version 0.20.0-6-gd3061e9 (webtiles) character file.

102 Gorglomux the Digger (level 4, -2/30 HPs)
             Began as a Barachi Earth Elementalist on May 28, 2017.
             Slain by a wight
             ... wielding a cursed +4 hand axe
              (3 damage)
             ... on level 3 of the Dungeon.
             The game lasted 00:04:43 (2395 turns).

Gorglomux the Digger (Barachi Earth Elementalist)   Turns: 2395, Time: 00:04:45

Health: -2/30      AC:  2    Str:  8 (10) XL:     4   Next: 78%
Magic:  4/9        EV: 12    Int: 15 (16) God:
Gold:   180        SH:  0    Dex: 15 (16) Spells: 6/10 levels left

rFire    x . .     SeeInvis .   T - +5 club
rCold    + . .     Gourm    .   (no shield)
rNeg     . . .     Faith    .   c - +0 robe
rPois    .         Spirit   .   (no helmet)
rElec    .         Reflect  .   (no cloak)
rCorr    .         Harm     .   (no gloves)
MR       .....                  (no boots)
Stlth    ++........             (no amulet)
Regen    0.1/turn               f - +4 ring of dexterity
MPRegen  0.2/turn               J - ring of ice

@: can't hop, drained, slow
A: +LOS, swims, slowness 1, strong legs 1
a: Hop


You were on level 3 of the Dungeon.
You were not hungry.

You visited 1 branch of the dungeon, and saw 3 of its levels.

You collected 180 gold pieces.

Inventory:

Hand Weapons
 g - a +0 hand axe
 T - a +5 club (weapon)
Missiles
 b - 76 stones (quivered)
Armour
 c - a +0 robe (worn)
Jewellery
 f - a +4 ring of dexterity (left hand)
 J - a ring of ice (right hand)
Wands
 D - a wand of digging (5/24)
Scrolls
 k - a scroll of immolation
 G - a scroll of enchant weapon
 H - a scroll of enchant armour {unknown}
 K - a scroll of teleportation {unknown}
 L - 2 scrolls of remove curse
 R - 3 scrolls of identify
 S - 2 scrolls of magic mapping {unknown}
Potions
 Q - 2 potions of curing
Books
 e - a book of Geomancy

   Spells                             Type                      Level
   a - Sandblast                      Earth                        1
   b - Passwall                       Transmutation/Earth          2
   c - Stone Arrow                    Conjuration/Earth            3
   d - Petrify                        Transmutation/Earth          4
   e - Lee's Rapid Deconstruction     Earth                        5
Comestibles
 d - 3 bread rations
 j - 7 fruits
 z - a meat ration
 C - a royal jelly


   Skills:
 - Level 2.1(1.3) Dodging
 - Level 1.7(0.9) Stealth
 + Level 3.7(2.9) Spellcasting
 + Level 1.5(0.7) Conjurations
   Level 1.1(0.2) Transmutations
 + Level 3.9(3.0) Earth Magic


You had 6 spell levels left.
You knew the following spells:

 Your Spells              Type           Power        Failure   Level  Hunger
a - Sandblast             Erth           ##....       6%          1    #......
b - Stone Arrow           Conj/Erth      #.....       28%         3    ###....


Dungeon Overview and Level Annotations

Branches:
Dungeon (3/15)

Altars:


Innate Abilities, Weirdness & Mutations

Shadows flee at your approach. (+LOS)
You can swim through water.
You cover ground slowly.
You can hop short distances.


Message History

The wight hits you from afar with an enchanted trident!
You feel drained.
* * * LOW HITPOINT WARNING * * *
The wight hits you but does no damage. The wight closely misses you.
There is an open door here.
Okay, then.
As you read the scroll labeled RUIKHL UCYEKK, it crumbles to dust.
You feel blessed for a moment.
It was a scroll of remove curse.
The wight barely misses you.
Unknown command.
As you read the scroll labeled KOROV DUEHUYTZ, it crumbles to dust.
It is a scroll of enchant weapon.
Your +4 club glows red for a moment.
The wight hits you from afar with an enchanted trident.
* * * LOW HITPOINT WARNING * * *
You feel drained.
* * * LOW HITPOINT WARNING * * *
The wight hits you with an enchanted hand axe.
You die...

######'.#######.....##.#.#...#..#
#......(.#..........#.# #..#
##........#......#.##..# #..#
#.........######.#.#.#.# #..#
#.................<.[..# #...
#####.......########.#######.#.##
..>.........+...(................
...##.......#####....#######.....
...'............@................
...##############z...#######.....
...# #..z.z.z...# #..... ...#
##)######### #..... ...# #.#
#..... #### #....zz..# #.....
#....z...... #..### #........##.#
### #####..... #


You could see 2 wights.

Vanquished Creatures
  Ijyb (D:3)
  A gnoll (D:1)
  An adder (D:2)
  2 dart slugs
  3 leopard geckos
  5 orcs (D:3)
  3 giant cockroaches (D:1)
  5 goblins
  2 hobgoblins (D:1)
  6 kobolds
  4 quokkas
  6 bats (D:1)
  2 frilled lizards (D:3)
  4 rats
45 creatures vanquished.

Notes
Turn   | Place    | Note
-------+----------+-------------------------------------------
     0 | D:1      | Gorglomux the Barachi Earth Elementalist began the quest for the Orb.
     0 | D:1      | Reached XP level 1. HP: 13/13 MP: 3/3
   333 | D:1      | Reached XP level 2. HP: 19/19 MP: 3/5
   740 | D:1      | Reached XP level 3. HP: 24/24 MP: 5/7
   743 | D:1      | Reached skill level 3 in Spellcasting
   824 | D:1      | Learned a level 3 spell: Stone Arrow
  1767 | D:3      | Reached XP level 4. HP: 21/30 MP: 3/9
  1772 | D:3      | Reached skill level 1 in Conjurations
  1970 | D:3      | Noticed Ijyb
  2115 | D:3      | Killed Ijyb
  2395 | D:3      | HP: 1/30 [wight/enchanted trident (1)]
  2395 | D:3      | Slain by a wight

Skill      XL: |  1  2  3  4 |
---------------+-------------+-----
Spellcasting   | 3 |  3.7
Conjurations   | 1 |  1.5
Dodging        | |  2.1
Stealth        | |  1.7
Transmutations | |  1.1
Earth Magic    | |  3.9

Action                   |  1- 3 |  4- 6 || total
-------------------------+-------+-------++-------
Melee: Hand axe          |    69 |    51 ||   120
       Club              |       |     2 ||     2
 Cast: Sandblast         |     8 |    28 ||    36
       Stone Arrow       |     6 |     2 ||     8
 Abil: Hop               |     1 |     3 ||     4
  Use: Potion            |       |     5 ||     5
       Scroll            |       |     3 ||     3
 Stab: Sleeping          |     2 |       ||     2
       Distracted        |       |     1 ||     1
  Eat: Chunk             |     3 |     3 ||     6
Armor: Robe              |    27 |     4 ||    31
       Skin              |       |    28 ||    28
Dodge: Dodged            |    74 |    40 ||   114
